 Dungeon Crawl Stone Soup version 0.28.0-45-g0d030f2227 (webtiles) character file.

Game seed: 18036046900559100539

79 Bruhh the Caller (level 4, -5/30 HPs)
             Began as a Demonspawn Summoner on Apr 23, 2022.
             Killed by nerve-wracking pain
             ... invoked by an orc priest
              (9 damage)
             ... on level 3 of the Dungeon.
             The game lasted 00:05:25 (3204 turns).

Bruhh the Caller (Demonspawn Summoner)              Turns: 3204, Time: 00:05:25

Health: -5/30      AC:  4    Str:  8    XL:     4   Next: 16%
Magic:  7/10       EV: 12    Int: 18    God:
Gold:   15         SH:  0    Dex: 14    Spells: 8/11 levels left

rFire   . . .      SeeInvis .   e - +0 short sword
rCold   . . .      Faith    .   (no shield)
rNeg    . . .      Spirit   .   a - +0 robe
rPois   .          Reflect  .   i - +1 helmet
rElec   .          Harm     .   (no cloak)
rCorr   .          Rampage  .   (no gloves)
Will    .....                   (no boots)
Stlth   +.........              (no amulet)
HPRegen 0.10/turn               (no ring)
MPRegen 0.12/turn               (no ring)

@: confused
A: spiny 1, demonic touch 1
a: no special abilities


You were on level 3 of the Dungeon.
You visited 1 branch of the dungeon, and saw 3 of its levels.

You collected 15 gold pieces.

Inventory:

Hand Weapons
 e - a +0 short sword (weapon)
Armour
 a - a +0 robe (worn)
 i - a +1 helmet (worn)
Scrolls
 b - 3 scrolls of teleportation {unknown}
 c - 2 scrolls of fog {unknown}
 d - a scroll of identify {unknown}
 g - a scroll of holy word {unknown}
Potions
 f - a potion of degeneration {unknown}
 h - a potion of ambrosia {unknown}


   Skills:
 - Level 1.7 Dodging
 - Level 1.7 Stealth
 - Level 4.0 Spellcasting
 + Level 4.2 Summonings


You had 8 spell levels left.
You knew the following spells:

 Your Spells              Type           Power      Damage    Failure   Level
a - Summon Small Mammal   Summ           72%        N/A       2%          1
b - Call Imp              Summ           18%        N/A       3%          2

Your spell library contained the following spells:

 Spells                   Type           Power      Damage    Failure   Level
 Call Canine Familiar     Summ           18%        N/A       8%          3
 Summon Guardian Golem    Hex/Summ       11%        N/A       19%         3
 Summon Lightning Spire   Summ/Air       11%        N/A       52%         4


Dungeon Overview and Level Annotations

Branches:
Dungeon (3/15)

Altars:

Annotations:
D:2 Sigmund


Innate Abilities, Weirdness & Mutations

You are partially covered in sharp spines.
Your touch may inflict minor irresistible damage on your foes.


Message History

You kill the orc!
The orc wizard is struck by your spines.
The orc wizard misses you.
The orc priest is struck by your spines.
The orc priest misses you.
Your crimson imp blinks!
You hit the orc wizard but do no damage.
The orc wizard is heavily wounded.
The orc wizard hits you with a +0 dagger.
The orc is struck by your spines. The orc hits you with a +0 hand axe.
The orc priest mumbles some strange prayers to Beogh against you.
Beogh smites you!
Ouch! That really hurt!
* * * LOW HITPOINT WARNING * * *
Your crimson imp blinks!
The orc priest calls upon Beogh to heal the orc wizard.
The orc wizard is healed somewhat.
Your crimson imp hits the orc priest.
Your crimson imp hits the orc priest.
The orc priest calls down the wrath of Beogh upon your crimson imp.
Your crimson imp is smitten.
The orc wizard points at you and mumbles some strange words.
You are confused.
Something hits your crimson imp.
Your crimson imp dies!
Your crimson imp disappears in a puff of smoke!
You hear a shout!
The orc wizard casts a spell at you.
You are more confused.
You're too confused to cast spells.
You're too confused to cast spells.
The orc wizard gestures at you while chanting.
You are more confused.
The orc priest calls upon Beogh to heal something.
The orc wizard gestures wildly while chanting.
The orc wizard flickers and vanishes!
Deactivating autopickup; reactivate with Ctrl-A.
You're too confused to cast spells.
The orc priest mumbles some strange prayers to Beogh against you.
Pain shoots through your body!
You die...

#......# #....#..............
##......# #....##'#...........
####.......# ##...##.#........<.[
..##...)...# #...##.##......####
.........### #...##.##......# #
.†.......# #...##.##......#
.........# #####'###'#########
.........# #..........#
.........# #....@.....##########.
.[.......###......{...#..........
..#####...........oo..#..........
..# #.###.#####.#......§).♣....
..# #.#...# #.##.#..)..♣♣.. . ###
#.#...#####+##.#.........
####.#..........#.#.....)....
#....'..........#.##.........
#.#.##..........#.#.##+######


You could see an orc priest and an orc.

Vanquished Creatures
  2 adders (D:3)
  A dart slug (D:3)
  An orc (D:3)
  A giant cockroach (D:1)
  4 goblins
  5 hobgoblins
  3 quokkas
  3 ball pythons
  2 bats (D:1)
  A frilled lizard (D:1)
  5 kobolds
  3 rats
31 creatures vanquished.

Vanquished Creatures (collateral kills)
  An adder (D:3)
  An orc (D:3)
  4 endoplasms (D:1)
  2 goblins (D:1)
  A hobgoblin (D:1)
  2 kobolds
  3 ball pythons (D:1)
  A rat (D:1)
15 creatures vanquished.

Grand Total: 46 creatures vanquished

Notes
Turn   | Place    | Note
-------+----------+-------------------------------------------
     0 | D:1      | Bruhh the Demonspawn Summoner began the quest for the Orb.
     0 | D:1      | Reached XP level 1. HP: 13/13 MP: 3/3
   853 | D:1      | Gained mutation: You are partially covered in sharp spines.
                  | [demonic ancestry]
   853 | D:1      | Reached XP level 2. HP: 19/19 MP: 3/5
  1523 | D:1      | Reached XP level 3. HP: 24/24 MP: 4/7
  1618 | D:1      | Learned a level 2 spell: Call Imp
  1930 | D:2      | Noticed Sigmund
  2817 | D:3      | Gained mutation: Your touch may inflict minor irresistible
                  | damage on your foes. [demonic ancestry]
  2817 | D:3      | Reached XP level 4. HP: 22/30 MP: 8/10
  3204 | D:3      | Killed from afar by an orc priest

Illustrated notes

Levels and vault maps discovered:
D:1:      lightli_molten_gateway, layout_basic, chequers_serial_rivers_micro_c,
          corexii_corridor_pit, grunt_decor_mini_mirrors
D:2:      layout_loops_ring, shapermc_ecumenical_altar_petra, basic_altar,
          serial_bayou_lagoon_a, uniq_sigmund
D:3:      layout_basic, serial_park_tiny_1

Skill      XL: |  1  2  3 |
---------------+----------+-----
Spellcasting   | 3 4 |  4.0
Dodging        | |  1.7
Stealth        | |  1.7
Summonings     | |  4.2

Action                   |  1- 3 |  4- 6 || total
-------------------------+-------+-------++-------
Melee: Unarmed           |    25 |       ||    25
       Short sword       |    31 |    13 ||    44
       Touch             |       |     1 ||     1
 Cast: Summon Small Mamm |    56 |     4 ||    60
       Call Imp          |       |     4 ||     4
 Stab: Sleeping          |     3 |       ||     3
       Distracted        |     1 |       ||     1
Armor: Robe              |    11 |     2 ||    13
Dodge: Dodged            |    40 |     8 ||    48
